 Dungeon Sprint DCSS version 0.25-a0-413-g3b4b6a4 (webtiles) character file.

Game seed: 17098324449317046824, levelgen mode: deterministic

34 Krakonus1 the Gouger (level 3, -18/17 HPs)
             Began as a Felid Fighter on Jan 16, 2020.
             Demolished by a gargoyle
             ... wielding a +0 morningstar
              (28 damage)
             ... in the Dungeon (Sprint IX: "|||||||||||||||||||||||||||||").
             The game lasted 00:00:45 (249 turns).

Krakonus1 the Gouger (Felid Fighter)                 Turns: 249, Time: 00:00:45

Health: -18/17     AC:  1    Str: 13    XL:     3   Next: 14%
Magic:  4/4        EV: 19    Int:  9    God:
Gold:   0          SH:  0    Dex: 15    Spells: 2/2 levels left
                                        Lives:  0   Deaths: 1

rFire    . . .     SeeInvis +     - Unarmed
rCold    . . .     Gourm    .   (shield unavailable)
rNeg     . . .     Faith    .   (armour unavailable)
rPois    .         Spirit   .   (helmet unavailable)
rElec    .         Reflect  .   (cloak unavailable)
rCorr    .         Harm     .   (gloves unavailable)
MR       .....     NoTele   +   (boots unavailable)
Stlth    ++........             (no amulet)
HPRegen  0.05/turn              (no ring)
MPRegen  0.09/turn              (no ring)

@: quick
A: very small, no armour, no weapons or thrown items, stealth, claws 1, fangs 3,
see invisible, carnivore, speed 1, shaggy fur 1, slow metabolism 1, sharp paws
a: no special abilities


You were in the Dungeon.
You were not hungry.

You visited 1 branch

Inventory:

Scrolls
 h - a scroll of blinking
Potions
 a - a potion of might
 c - a potion of curing
 d - a potion of heal wounds
 e - a potion of haste
 f - 2 potions of magic
 g - a potion of berserk rage
Comestibles
 b - a ration


   Skills:
 - Level 3.0 Fighting
 - Level 4.0 Dodging
 * Level 9.2 Unarmed Combat


You had 2 spell levels left.
You didn't know any spells.
Your spell library was empty.

Dungeon Overview and Level Annotations

Branches:
Dungeon (1/1)

Altars:


Innate Abilities, Weirdness & Mutations

You cannot wear armour.
You are incapable of wielding weapons or throwing items.
Your paws allow you to move quietly. (Stealth)
You have sharp claws.
You have razor-sharp teeth.
You have supernaturally acute eyesight. (SInv)
You are carnivorous and can eat meat at any time.
You cover ground quickly.
You are covered in fur. (AC +1)
You have a slow metabolism.
Your sharp claws are effective at attacking unaware monsters.


Message History

You bite the gargoyle, but do no damage.
The gargoyle is almost destroyed.
The gargoyle closely misses you.
You scratch the gargoyle.
The gargoyle is almost destroyed.
You scratch the gargoyle but do no damage.
The gargoyle is almost destroyed.
The gargoyle misses you.
You closely miss the gargoyle.
You bite the gargoyle, but do no damage.
The gargoyle is almost destroyed.
The gargoyle hurls a stone arrow at you.
The stone arrow misses you.
You barely miss the gargoyle.
The gargoyle is almost destroyed.
You scratch the gargoyle.
The gargoyle is almost destroyed.
The gargoyle hits you with a +0 morningstar!!
Ouch! That really hurt!
You die...

▓▓▓▓▓
▓...▓
▓.▓@▓
▓.▓9▓
▓.▓s▓
▓.▓T▓
▓.▓C▓
▓.▓H▓
▓.▓a▓
▓.▓.▓
▓.▓


You could see a manticore, a cyclops, a troll, a gargoyle, a scorpion and a
worker ant.

Vanquished Creatures
  A hound (D)
  A worker ant (D)
  A gnoll (D)
  An ooze (D)
  A dart slug (D)
  A giant cockroach (D)
  2 hobgoblins (D)
8 creatures vanquished.

Notes
Turn   | Place    | Note
-------+----------+-------------------------------------------
     0 | D        | Krakonus1 the Felid Fighter began the quest for the Orb.
     0 | D        | Reached XP level 1. HP: 10/10 MP: 2/2
    13 | D        | Reached skill level 5 in Unarmed Combat
    15 | D        | Reached XP level 2. HP: 8/14 MP: 3/3
    17 | D        | Reached skill level 6 in Unarmed Combat
   155 | D        | Reached skill level 8 in Unarmed Combat
   155 | D        | Reached XP level 3. HP: 8/17 MP: 4/4
   162 | D        | Reached skill level 9 in Unarmed Combat
   162 | D        | Reached XP level 4. HP: 2/21 MP: 5/5
   163 | D        | Slain by a quokka zombie
   164 | D        | Reached XP level 3. HP: -1/17 MP: 4/4
   240 | D        | Noticed a gargoyle
   240 | D        | Noticed a scorpion
   240 | D        | Noticed a troll
   240 | D        | Noticed a cyclops
   240 | D        | Noticed a manticore
   249 | D        | Demolished by a gargoyle

Levels and vault maps discovered:
D:        linesprint [early_d, line_temple, items_1, d_10, items_2, lair_1,
          lair_end, items_3, orc_1, orc_end, items_4, d_15, swamp_1, shoals_1,
          snake_1, spider_1, d_20, vaults_1, items_5, swamp_end, shoals_end,
          snake_end, spider_end, vaults_end, d_27, items_6, zot_1, zot_end,
          crypt_end, forest_end, elf_end, slime_end, tomb_end, abyss_end,
          pan_hell_end]

Skill      XL: |  1  2  3 |
---------------+----------+-----
Unarmed Combat | 5 8 9 |  9.2
Fighting       | |  3.0
Dodging        | |  4.0

Action                   |  1- 3 |  4- 6 || total
-------------------------+-------+-------++-------
Melee: Unarmed           |    38 |     1 ||    39
       Bite              |     8 |       ||     8
       Punch             |     2 |       ||     2
 Stab: Sleeping          |     1 |       ||     1
       Distracted        |     1 |       ||     1
  Eat: Chunk             |     3 |       ||     3
Armor: Skin              |     1 |       ||     1
Dodge: Dodged            |    22 |       ||    22

Table legend:
 A = Non-vault XP
 B = Vault XP
 C = Vault XP percentage of total XP
 D = Non-vault monster count
 E = Vault monster count
 F = Vault count percentage of total count
                 A         B        C        D         E       F
            +---------+---------+-------+---------+---------+-------
      Total |       0 |     112 | 100.0 |       0 |       8 | 100.0
            +---------+---------+-------+---------+---------+-------
          D |       0 |     112 | 100.0 |       0 |       8 | 100.0
            +---------+---------+-------+---------+---------+-------
